 Dungeon Crawl Stone Soup version 0.21.1-1-g345015f (webtiles) character file.

74 robertstho the Chopper (level 4, -6/41 HPs)
             Began as a Hill Orc Berserker on Feb 26, 2018.
             Was a Follower of Trog.
             Killed from afar by an orc wizard (9 damage)
             ... with a magic dart
             ... on level 2 of the Dungeon.
             The game lasted 00:02:21 (1214 turns).

robertstho the Chopper (Hill Orc Berserker)         Turns: 1214, Time: 00:02:23

Health: -6/41      AC:  7    Str: 19    XL:     4   Next: 28%
Magic:  4/4        EV:  8    Int:  7    God:    Trog [*.....]
Gold:   22         SH:  0    Dex: 11    Spells: 3/3 levels left

rFire    . . .     SeeInvis .   m - +0 battleaxe
rCold    . . .     Gourm    .   (shield currently unavailable)
rNeg     . . .     Faith    .   i - +0 chain mail
rPois    .         Spirit   .   (no helmet)
rElec    .         Reflect  .   (no cloak)
rCorr    .         Harm     .   (no gloves)
MR       .....                  (no boots)
Stlth    ..........             (no amulet)
HPRegen  0.13/turn              (no ring)
MPRegen  0.09/turn              (no ring)

@: berserk cooldown, slowed, very slow
A: thin metallic scales 1, deformed body
a: Berserk, Burn Spellbooks, Renounce Religion, Convert to Beogh


You were on level 2 of the Dungeon.
You worshipped Trog.
Trog was aware of your devotion.
You were hungry.

You visited 1 branch of the dungeon, and saw 2 of its levels.

You collected 22 gold pieces.

Inventory:

Hand Weapons
 a - a +0 hand axe
 d - a +0 whip
 m - a +0 battleaxe (weapon)
Armour
 b - a +0 animal skin
 i - a +0 chain mail (worn)
 j - a +0 shield
Scrolls
 e - 2 scrolls of remove curse {unknown}
 f - a scroll of identify {unknown}
 g - a scroll of immolation {unknown}
 h - a scroll of enchant weapon {unknown}
 k - a scroll of teleportation {unknown}
 n - a scroll of magic mapping {unknown}
Comestibles
 c - 5 rations


   Skills:
 * Level 4.3 Fighting
 * Level 5.0 Axes
 * Level 2.8 Armour
 + Level 2.0 Dodging
 + Level 0.4 Stealth


You had 3 spell levels left.
You didn't know any spells.

Dungeon Overview and Level Annotations

Branches:
Dungeon (2/15)

Altars:


Innate Abilities, Weirdness & Mutations

You are partially covered in thin metallic scales. (AC +2)
Armour fits poorly on your strangely shaped body.


Message History

The orc priest shouts, "Surrender to Beogh and we'll let you live!"
The jackal bites you but does no damage. x3
The orc priest shouts, "Surrender to Beogh and we'll let you live!"
You slash the jackal!
You kill the jackal!
Trog accepts your kill.
You closely miss something. Something hits you but does no damage.
The orc priest calls down the wrath of Beogh upon you.
The jackal bites you but does no damage.
Something hits you but does no damage.
The orc priest looks satisfied for a moment.
The jackal bites you but does no damage.
Something hits you but does no damage.
You miss the jackal. You closely miss something. The jackal bites you.
* * * LOW HITPOINT WARNING * * *
The jackal bites you but does no damage.
You hear some strange, mumbled words.
A magic dart appears from out of thin air!
The magic dart hits you!
You die...

.......#........#.###.# #..
.###)..#.#......#.#...# #####
.###...#.#..#####.#.### #....
....#..#.#..#####.#...#######.###
###.#†...#........#<............#
....#..###.###########..........#
#.###..# #...# #...#...........#
#.# #..###.#.####.#.#...........#
#.###...##...#o.@.#.#...........#
#........##....h###.#...........#
.........##.....# #...###########
.........##..)..# #####
.#.......##..†..#
.........##...).#
...###+####)....# ...# #.....#
...# #......


You could see an orc priest and a jackal.

Vanquished Creatures
  An orc wizard (D:2)
  An adder (D:2)
  A dart slug (D:2)
  A leopard gecko (D:1)
  2 orcs (D:2)
  A giant cockroach (D:1)
  4 goblins
  4 hobgoblins
  2 jackals (D:2)
  6 kobolds (D:1)
  3 bats
  2 frilled lizards
  3 rats
31 creatures vanquished.

Notes
Turn   | Place    | Note
-------+----------+-------------------------------------------
     0 | D:1      | robertstho the Hill Orc Berserker began the quest for the Orb.
     0 | D:1      | Reached XP level 1. HP: 19/19 MP: 1/1
     6 | D:1      | Noticed a worker ant
     6 | D:1      | Noticed a hog
     6 | D:1      | Noticed a polar bear
     7 | D:1      | Noticed a swamp worm
     7 | D:1      | Noticed a water moccasin
   404 | D:1      | Reached XP level 2. HP: 27/27 MP: 2/2
  1018 | D:2      | Reached XP level 3. HP: 27/33 MP: 3/3
  1201 | D:2      | Reached skill level 5 in Axes
  1201 | D:2      | Reached XP level 4. HP: 36/41 MP: 4/4
  1208 | D:2      | Gained mutation: Armour fits poorly on your strangely shaped body. [potion of mutation]
  1208 | D:2      | Gained mutation: You are partially covered in thin metallic scales. (AC +2) [potion of mutation]
  1214 | D:2      | Killed from afar by an orc wizard

Skill      XL: |  1  2  3 |
---------------+----------+-----
Fighting       | 4 |  4.3
Axes           | 5 |  5.0
Dodging        | 2 |  2.0
Armour         | |  2.8
Stealth        | |  0.4

Action                   |  1- 3 |  4- 6 || total
-------------------------+-------+-------++-------
Melee: Hand axe          |    70 |       ||    70
       Battleaxe         |    13 |     7 ||    20
Invok: Berserk           |     2 |       ||     2
  Use: Potion            |       |     1 ||     1
  Eat: Chunk             |     2 |       ||     2
Armor: Animal skin       |    10 |       ||    10
       Chain mail        |    16 |    18 ||    34
Dodge: Dodged            |    64 |     9 ||    73
Block: Shield            |     5 |       ||     5
